 Dungeon Crawl Stone Soup version 0.21-a0-221-gfe971b9 (webtiles) character file.

384 Kidiri the Magician (level 6, -2/35 HPs)
             Began as a Deep Elf Fire Elementalist on Aug 25, 2017.
             Engulfed by a cloud of flame (25 damage)
             ... in an ossuary.
             The game lasted 00:18:04 (3346 turns).

Kidiri the Magician (Deep Elf Fire Elementalist)    Turns: 3346, Time: 00:18:05

Health: -2/35      AC:  3    Str:  5    XL:     6   Next: 47%
Magic:  11/17      EV: 13    Int: 22    God:
Gold:   100        SH:  0    Dex: 19    Spells: 0/18 levels left

rFire    . . .     SeeInvis +   d - +0 dagger
rCold    . . .     Gourm    .   (no shield)
rNeg     . . .     Faith    .   a - +0 robe
rPois    .         Spirit   .   e - +0 helmet
rElec    .         Reflect  .   (no cloak)
rCorr    .         Harm     .   (no gloves)
MR       .....                  (no boots)
Stlth    +++.......             (no amulet)
HPRegen  0.11/turn              n - +2 ring of dexterity
MPRegen  0.15/turn              q - ring of flight

@: no status effects
A: thin skeletal structure 1, see invisible, robust 1
a: Evoke Flight


You were in an ossuary.
You were not hungry.

You visited 1 branch of the dungeon, and saw 4 of its levels.
You also visited: Ossuary.

You collected 100 gold pieces.

Inventory:

Hand Weapons
 d - a +0 dagger (weapon)
Armour
 a - a +0 robe (worn)
 e - a +0 helmet (worn)
 k - a +3 leather armour of cold resistance
Jewellery
 n - a +2 ring of dexterity (left hand)
 q - a ring of flight (right hand)
Wands
 s - a wand of polymorph (5/24)
Scrolls
 l - a scroll of fear
 m - a scroll of teleportation
 t - a scroll of remove curse {unknown}
Potions
 g - a potion of lignification
 j - a potion of magic
 r - a potion of agility {unknown}
Books
 b - a book of Flames

   Spells                             Type                      Level
   a - Flame Tongue                   Conjuration/Fire             1
   b - Throw Flame                    Conjuration/Fire             2
   c - Conjure Flame                  Conjuration/Fire             3
   d - Inner Flame                    Hexes/Fire                   3
   e - Sticky Flame                   Conjuration/Fire             4
   f - Fireball                       Conjuration/Fire             5
 i - a book of Cantrips

   Spells                             Type                      Level
   a - Confusing Touch                Hexes                        1
   b - Animate Skeleton               Necromancy                   1
   c - Summon Small Mammal            Summoning                    1
   d - Apportation                    Translocation                1
Comestibles
 c - 3 bread rations
 h - a meat ration


   Skills:
 + Level 0.1 Fighting
 + Level 0.2 Short Blades
 + Level 0.2 Armour
 + Level 2.6 Dodging
 - Level 2.4 Stealth
 * Level 6.7 Spellcasting
 + Level 3.2 Conjurations
 + Level 5.1 Fire Magic


You couldn't memorise any spells.
You knew the following spells:

 Your Spells              Type           Power        Failure   Level  Hunger
a - Flame Tongue          Conj/Fire      ####.        1%          1    None
b - Throw Flame           Conj/Fire      ####..       2%          2    None
c - Conjure Flame         Conj/Fire      ####....     4%          3    #......
d - Inner Flame           Hex/Fire       ###.....     9%          3    #......
e - Sticky Flame          Conj/Fire      ####....     16%         4    ###....
f - Fireball              Conj/Fire      ####......   38%         5    #####..


Dungeon Overview and Level Annotations

Branches:
Dungeon (4/15)
 Temple: D:4-7

Altars:
Qazlal


Innate Abilities, Weirdness & Mutations

You have a somewhat thin skeletal structure. (Dex +2, Stealth)
You have supernaturally acute eyesight. (SInv)
You are robust. (+10% HP)


Message History

Aiming: Conjure Flame
Press: ? - help, Dir - move target cursor The fire ignites!
The bat simulacrum is engulfed in blazing flames.
The bat simulacrum vapourises!
Unknown command.
Casting: Conjure Flame
Confirm with . or Enter, or press ? or * to list all spells.
Aiming: Inner Flame
Press: ? - help, Shift-Dir - straight line, f - bat simulacrum
Aim: a bat simulacrum (chance to defeat MR: 86%)
The bat simulacrum is filled with an inner flame.
The bat simulacrum is engulfed in blazing flames.
The bat simulacrum explodes!
The fiery explosion engulfs you!
Unknown command. 2 simulacra come into view.
You are engulfed in blazing flames.
Ouch! That really hurt!
You die...

#........................
#+#'#########+#########'#
.##.## ##.## ..##.##
##.## ..Z##.## ##.##
...Z##^## ##.## ....Z##§#
#.## .ZZ.ZZ§§# #.+
....Z##@# #.## ... ##.##
##^## . ##.## ##.## ##.##
##.## ##.## ##.##
###'###################'#
#.....##.#.#.#.#.#.##....
#......#'#'#'#'#'#'#.....
#........................


You could see 2 rat simulacra, 2 goblin simulacra and 3 kobold simulacra.

Vanquished Creatures
  The ghost of Gorglomux the Skirmisher, an amateur HOEE (D:3)
  Jessica (D:3)
  5 big kobold zombies (Ossuary)
  A mummy (D:4)
  4 adders
  2 oozes (D:3)
  2 worms (D:2)
  2 dart slugs
  2 leopard geckos
  4 bats
  A giant cockroach (D:3)
  6 goblins
  A hobgoblin (D:3)
  4 kobolds
  2 quokkas (D:3)
  2 ball pythons
  2 bat simulacra (Ossuary)
  4 frilled lizards
  A gnoll zombie (Ossuary)
  4 goblin zombies (Ossuary)
  4 hobgoblin zombies (Ossuary)
  6 kobold zombies (Ossuary)
  2 orc zombies (Ossuary)
  7 rats
70 creatures vanquished.

Notes
Turn   | Place    | Note
-------+----------+-------------------------------------------
     0 | D:1      | Kidiri the Deep Elf Fire Elementalist began the quest for the Orb.
     0 | D:1      | Reached XP level 1. HP: 10/10 MP: 6/6
   576 | D:2      | Reached XP level 2. HP: 12/15 MP: 0/8
   580 | D:2      | Learned a level 2 spell: Throw Flame
   879 | D:2      | Reached XP level 3. HP: 19/19 MP: 6/10
   884 | D:2      | Learned a level 3 spell: Conjure Flame
   888 | D:2      | Learned a level 3 spell: Inner Flame
  1016 | D:2      | Reached skill level 4 in Spellcasting
  1083 | D:2      | Gained mutation: Your movements are slightly less encumbered by armour. (ER -2) [potion of mutation]
  1083 | D:2      | Gained mutation: You are weak. (Str -2) [potion of mutation]
  1083 | D:2      | Gained mutation: You have a pair of small horns on your head. [potion of mutation]
  1083 | D:2      | Gained mutation: You have a pair of horns on your head. [potion of mutation]
  1084 | D:2      | Lost mutation: Your movements are slightly less encumbered by armour. (ER -2) [potion of mutation]
  1084 | D:2      | Gained mutation: You are partially covered in large bone plates. (SH +4) [potion of mutation]
  1084 | D:2      | Gained mutation: You have sharp toenails. [potion of mutation]
  1405 | D:3      | Noticed Gorglomux's ghost (amateur HOEE)
  1553 | D:3      | Lost mutation: You have sharp toenails. [potion of mutation]
  1553 | D:3      | Lost mutation: You have a pair of horns on your head. [potion of mutation]
  1553 | D:3      | Lost mutation: You have a pair of small horns on your head. [potion of mutation]
  1553 | D:3      | Lost mutation: You are weak. (Str -2) [potion of mutation]
  1553 | D:3      | Gained mutation: You passively map a small area around you. [potion of mutation]
  1553 | D:3      | Gained mutation: You have sharp toenails. [potion of mutation]
  1553 | D:3      | Gained mutation: You have supernaturally acute eyesight. (SInv) [potion of mutation]
  1809 | D:3      | Killed Gorglomux's ghost
  1809 | D:3      | Reached skill level 5 in Spellcasting
  1809 | D:3      | Reached XP level 4. HP: 2/24 MP: 8/13
  1809 | D:3      | Reached XP level 5. HP: 3/28 MP: 9/15
  1815 | D:3      | Learned a level 4 spell: Sticky Flame
  2232 | D:3      | Noticed Jessica
  2238 | D:3      | Killed Jessica
  2238 | D:3      | Reached skill level 6 in Spellcasting
  2476 | D:4      | Found a stormy altar of Qazlal.
  2495 | D:4      | Lost mutation: You passively map a small area around you. [potion of mutation]
  2495 | D:4      | Lost mutation: You have sharp toenails. [potion of mutation]
  2495 | D:4      | Lost mutation: You are partially covered in large bone plates. (SH +4) [potion of mutation]
  2495 | D:4      | Gained mutation: You are robust. (+10% HP) [potion of mutation]
  2495 | D:4      | Gained mutation: You have a somewhat thin skeletal structure. (Dex +2, Stealth) [potion of mutation]
  2513 | D:4      | Reached skill level 5 in Fire Magic
  2513 | D:4      | Reached XP level 6. HP: 35/35 MP: 13/17
  2560 | D:4      | Found a sand-covered staircase.
  2573 | Ossuary  | Entered an ossuary
  3022 | Ossuary  | Learned a level 5 spell: Fireball
  3346 | Ossuary  | Engulfed by a cloud of flame

Vault maps used:
D:1:      lemuel_arrival_behind_the_door_large, grunt_decor_arrowhead
D:2:      serial_bayou_pond_c
D:3:      first_bread, kennysheep_jessica_study
D:4:      kennysheep_the_goblin_king, okawaru_metal_pillars_1_2,
          nicolae_qazlal_general_emergency, nicolae_ossuary_entry_giza
Ossuary:  ossuary_zaba_two_paths

Skill      XL: |  1  2  3  4  5 |
---------------+----------------+-----
Fire Magic     | 4 5 |  5.1
Spellcasting   | 5 6 |  6.7
Conjurations   | 2 3 |  3.2
Fighting       | |  0.1
Short Blades   | |  0.2
Armour         | |  0.2
Dodging        | |  2.6
Stealth        | |  2.4

Action                   |  1- 3 |  4- 6 || total
-------------------------+-------+-------++-------
Melee: Dagger            |     4 |    33 ||    37
       Kick              |       |     3 ||     3
 Cast: Flame Tongue      |    53 |    31 ||    84
       Throw Flame       |     3 |     5 ||     8
       Conjure Flame     |     2 |     8 ||    10
       Inner Flame       |     1 |     2 ||     3
       Sticky Flame      |       |     4 ||     4
  Use: Scroll            |     6 |     3 ||     9
       Potion            |     4 |     1 ||     5
 Stab: Sleeping          |     3 |     4 ||     7
  Eat: Chunk             |     3 |     3 ||     6
       Royal jelly       |       |     3 ||     3
Armor: Robe              |     3 |     7 ||    10
Dodge: Dodged            |     8 |    29 ||    37
Block: Other             |       |     1 ||     1

Table legend:
 A = Spawn XP
 B = Non-spawn XP
 C = Spawn XP percentage of total XP
 D = Spawn monster count
 E = Non-spawn monster count
 F = Spawn count percentage of total count
 G = Total turns spent on level
                    A         B        C        D         E        F      G
               +---------+---------+-------+---------+---------+-------+---------
         Total |      13 |     536 |   2.4 |       6 |      64 |   8.6 |  3346
               +---------+---------+-------+---------+---------+-------+---------
           D:1 |       1 |       9 |  10.0 |       1 |       5 |  16.7 |   526
           D:2 |       5 |      40 |  11.1 |       3 |      13 |  18.8 |   817
           D:3 |       7 |     304 |   2.3 |       2 |      19 |   9.5 |  1132
           D:4 |       0 |      34 |   0.0 |       0 |       3 |   0.0 |    98
       Ossuary |       0 |     149 |   0.0 |       0 |      24 |   0.0 |   773
               +---------+---------+-------+---------+---------+-------+---------
